 Dungeon Crawl Stone Soup version 0.20-a0-926-g560771d (webtiles) character file.

4072 Rrauwl the Quickloader (level 10, -6/71 HPs)
             Began as a Barachi Hunter on Mar 27, 2017.
             Was a Believer of Hepliaklqana.
             Mangled by a hell hound (7 damage)
             ... on level 8 of the Dungeon.
             The game lasted 00:42:12 (6647 turns).

Rrauwl the Quickloader (Barachi Hunter)             Turns: 6647, Time: 00:42:12

Health: -6/71      AC:  9    Str: 14    XL:     10   Next: 25%
Magic:  13/13      EV: 19    Int: 15    God:    Hepliaklqana [**....]
Gold:   390        SH:  0    Dex: 19    Spells: 8/9 levels left

rFire    . . .     SeeInvis +   a - +3 hand crossbow
rCold    . . .     Gourm    .   (no shield)
rNeg     . . .     Faith    .   C - +1 acid dragon scales
rPois    .         Spirit   .   (no helmet)
rElec    .         Reflect  .   (no cloak)
rCorr    +         Harm     .   p - +0 pair of gloves
MR       .....                  (no boots)
Stlth    +++.......             (no amulet)
Regen    0.3/turn               q - ring of see invisible
MPRegen  0.2/turn               (no ring)

@: agile, about to teleport, very slightly contaminated, hasted, very quick
A: +LOS, swims, reduced essence, blink, clever 1, slowness 1, strong legs 1
a: Hop, Blink, Recall Ancestor, Ancestor Identity, Renounce Religion


You were on level 8 of the Dungeon.
You worshipped Hepliaklqana.
Hepliaklqana was pleased with you.
You were not hungry.

You visited 2 branches of the dungeon, and saw 9 of its levels.

You collected 390 gold pieces.

Inventory:

Hand Weapons
 a - a +3 hand crossbow (weapon)
 b - a +0 long sword
Missiles
 d - a bolt (quivered)
 i - 100 arrows
Armour
 p - a +0 pair of gloves (worn)
 C - +1 acid dragon scales (worn)
Jewellery
 q - a ring of see invisible (left hand)
Wands
 l - a wand of paralysis (6/24)
 y - a wand of acid (11/15)
Scrolls
 j - 5 scrolls of remove curse
 k - a scroll of magic mapping
 m - 3 scrolls of identify
Potions
 c - a potion of mutation
 e - a potion of brilliance
 g - a potion of flight
Books
 r - a book of Cantrips

   Spells                             Type                      Level
   a - Confusing Touch                Hexes                        1
   b - Animate Skeleton               Necromancy                   1
   c - Summon Small Mammal            Summoning                    1
   d - Apportation                    Translocation                1
 u - a book of Misfortune

   Spells                             Type                      Level
   a - Confusing Touch                Hexes                        1
   b - Confuse                        Hexes                        3
   c - Gell's Gravitas                Translocation                3
   d - Petrify                        Transmutation/Earth          4
   e - Metabolic Englaciation         Hexes/Ice                    5
   f - Yara's Violent Unravelling     Hexes/Transmutation          5
Comestibles
 f - 5 bread rations
 h - 4 meat rations
 t - 3 chunks of flesh


   Skills:
 + Level 7.1 Fighting
 + Level 6.9 Long Blades
 - Level 10.0 Crossbows
 + Level 4.9 Armour
 + Level 4.6 Dodging
 - Level 1.2 Stealth
 + Level 2.8 Invocations
 - Level 4.0 Evocations


You had 8 spell levels left.
You knew the following spells:

 Your Spells              Type           Power        Failure   Level  Hunger
a - Apportation           Tloc           #.....       38%         1    ##.....


Dungeon Overview and Level Annotations

Branches:
Dungeon (8/15)             Temple (1/1) D:4            Lair (0/6) D:8

Altars:
Ashenzari
Cheibriados
Dithmenos
Elyvilon
Fedhas
Gozag
Hepliaklqana
Kikubaaqudgha
Makhleb
Nemelex Xobeh
Okawaru
Qazlal
Ru
Sif Muna
Trog
Uskayaw
Vehumet
Wu Jian
Xom
Yredelemnul
Zin
The Shining One

Shops:
D:6 *


Innate Abilities, Weirdness & Mutations

Shadows flee at your approach. (+LOS)
You can swim through water.
You cover ground slowly.
You can hop short distances.
Your life essence is reduced. (-10% HP)
You can translocate small distances at will.
Your mind is acute. (Int +2)


Message History

* * * LOW HITPOINT WARNING * * *
Firing (i - inventory):
d - 3 bolts (quivered)
Press: ? - help, Shift-Dir - straight line, f/p - hell hound
Aim: a hell hound (severely wounded, catching its breath)
You shoot a bolt. The bolt hits the hell hound.
The hell hound is severely wounded.
The centaur closely misses you. The hell hound breathes flames at you.
The blast of flame hits you!
* * * LOW HITPOINT WARNING * * *
Unknown command.
Okay, then.
Firing (i - inventory):
d - 2 bolts (quivered)
Press: ? - help, Shift-Dir - straight line, f/p - hell hound
Aim: a hell hound (severely wounded, catching its breath)
You shoot a bolt.
The bolt hits the hell hound but does no damage.
The hell hound is severely wounded.
The centaur completely misses you. The hell hound bites you!
You die...

#####...#
####.......# ####
######....###.<.#
...#.
########......####
#...#
...###..........####
#...#
#...#....(.....#
#####
#...#..........#
#..........c..#
###.(.....(h@(#
###........(..#
#.).(.#.....### .
#$.(....##...# ..
#.((#.####.#..# ...
#((.#.# #....#
(...#..##.# #.##.#
.h...(.##.. #.# ..
.R..(#.#... ..# #..


You could see a hell hound and a centaur.

Vanquished Creatures
  The ghost of Shimatora the Grappler, a novice TrMo of Makhleb (D:7)
  Pikel (D:7)
  Prince Ribbit (D:5)
  A hippogriff (D:8)
  A hungry ghost (D:8)
  Edmund (D:6)
  A hell hound (D:8)
  A black bear (D:6)
  3 slaves (D:7)
  An orc warrior (D:6)
  A sky beast (D:6)
  3 ogres
  3 phantoms (D:7)
  A necrophage (D:7)
  A bullfrog (D:7)
  A scorpion (D:6)
  3 killer bees (D:7)
  A bullfrog zombie (D:7)
  5 crimson imps
  A gnoll shaman (D:4)
  3 hounds
  2 orc priests (D:5)
  A bullfrog skeleton (D:5)
  A jelly (D:7)
  3 worker ants
  2 howler monkey zombies (D:5)
  8 gnolls
  7 adders
  2 shadow imps
  2 oozes
  An adder zombie (D:6)
  2 worms
  2 dart slugs
  5 leopard geckos
  23 orcs
  3 ball pythons
  8 bats
  3 giant cockroaches
  5 goblins
  10 hobgoblins
  4 jackals (D:6)
  A frilled lizard (D:1)
  6 kobolds
  A leopard gecko zombie (D:4)
  9 rats
146 creatures vanquished.

Vanquished Creatures (collateral kills)
  An ogre (D:5)
  A phantom (D:6)
  A centaur (D:7)
  A wight (D:7)
  A jelly (D:5)
  2 worker ants (D:5)
  A hound skeleton (D:7)
  A worm (D:6)
  A leopard gecko (D:8)
  2 orcs
  A quokka skeleton (D:5)
13 creatures vanquished.

Vanquished Creatures (others)
  A worker ant (D:8)
  2 hexers
  5 ancestors
8 creatures vanquished.

Grand Total: 167 creatures vanquished

Notes
Turn   | Place    | Note
-------+----------+-------------------------------------------
     0 | D:1      | Rrauwl the Barachi Hunter began the quest for the Orb.
     0 | D:1      | Reached XP level 1. HP: 17/17 MP: 1/1
    54 | D:1      | Reached skill level 1 in Stealth
    57 | D:1      | Reached XP level 2. HP: 23/23 MP: 2/2
   343 | D:1      | Reached skill level 1 in Armour
   365 | D:1      | Reached XP level 3. HP: 28/28 MP: 3/3
   794 | D:2      | Reached XP level 4. HP: 32/35 MP: 4/4
  1707 | D:3      | Reached XP level 5. HP: 41/41 MP: 5/5
  1836 | D:4      | Found a staircase to the Ecumenical Temple.
  1841 | Temple   | Entered the Ecumenical Temple
  1860 | Temple   | Became a worshipper of Hepliaklqana the Forgotten
  2161 | D:4      | Reached skill level 5 in Crossbows
  2304 | D:4      | Found a shadowy altar of Dithmenos.
  2318 | D:4      | Reached XP level 6. HP: 43/43 MP: 6/6
  2717 | D:4      | Found a stormy altar of Qazlal.
  2856 | D:5      | Entered Level 5 of the Dungeon
  2860 | D:5      | Noticed Prince Ribbit
  2882 | D:5      | Reached skill level 6 in Crossbows
  3174 | D:5      | Killed Prince Ribbit
  3174 | D:5      | Reached XP level 7. HP: 41/48 MP: 6/9
  3190 | D:5      | Reached skill level 7 in Crossbows
  3422 | D:5      | Reached * piety under Hepliaklqana
  3856 | D:5      | Reached skill level 8 in Crossbows
  3856 | D:5      | Reached XP level 8. HP: 54/54 MP: 10/10
  4230 | D:6      | Found Sampidul's Assorted Antiques.
  4257 | D:6      | Reached skill level 5 in Fighting
  4260 | D:6      | Noticed Edmund
  4274 | D:6      | Killed Edmund
  4286 | D:6      | Gained mutation: Armour fits poorly on your strangely shaped body. [mutagenic meat]
  4287 | D:6      | Lost mutation: Armour fits poorly on your strangely shaped body. [mutagenic meat]
  4288 | D:6      | Gained mutation: Your mind is acute. (Int +2) [mutagenic meat]
  4289 | D:6      | Gained mutation: You can translocate small distances at will. [mutagenic meat]
  4439 | D:6      | Reached skill level 1 in Long Blades
  4458 | D:6      | Reached skill level 9 in Crossbows
  4654 | D:6      | Found a white marble altar of Elyvilon.
  4811 | D:6      | Reached XP level 9. HP: 62/62 MP: 11/11
  5031 | D:7      | Reached ** piety under Hepliaklqana
  5038 | D:7      | Noticed Shimatora's ghost (novice TrMo)
  5063 | D:7      | Killed Shimatora's ghost
  5063 | D:7      | Reached skill level 5 in Long Blades
  5063 | D:7      | Reached skill level 10 in Crossbows
  5205 | D:7      | Found a burning altar of Makhleb.
  5324 | D:7      | Reached skill level 1 in Invocations
  5609 | D:7      | Noticed Pikel
  5616 | D:7      | Remembered your ancestor Rick as a hexer
  5648 | D:7      | Killed Pikel
  5837 | D:7      | Reached XP level 10. HP: 68/68 MP: 11/13
  5933 | D:7      | Learned a level 1 spell: Apportation
  6431 | D:8      | Found a staircase to the Lair.
  6546 | D:8      | Upgraded the game from 0.20-a0-924-gfa95efa to 0.20-a0-926-g560771d
  6646 | D:8      | HP: 1/71 [hell hound/blast of flame (8)]
  6647 | D:8      | Mangled by a hell hound

Vault maps used:
D:1:      dpeg_arrival_simpleton_b
D:3:      first_bread
D:4:      lemuel_round_altar, minmay_temple_entry_trees,
          nicolae_qazlal_eye_of_the_storm
D:5:      uniq_prince_ribbit1
D:6:      serial_shops, nicolae_shop_overgrown_old_shop, basic_altar,
          minmay_misc_feat_tiny, uniq_edmund
D:7:      makhleb_blood_cavern_becter, uniq_pikel
D:8:      minmay_lair_entry_lava
Temple:   regret_index_temple_sigil_plot

Skill      XL: |  1  2  3  4  5  6  7  8  9 10 |
---------------+-------------------------------+-----
Stealth        | 1 |  1.2
Armour         | 1 2 3 4 |  4.9
Fighting       | 3 4 6 7 |  7.1
Dodging        | 3 4 |  4.6
Crossbows      | 5 6 8 9 10 | 10.0
Evocations     | 2 3 4 |  4.0
Long Blades    | 3 6 |  6.9
Invocations    | 2 |  2.8

Action                   |  1- 3 |  4- 6 |  7- 9 | 10-12 || total
-------------------------+-------+-------+-------+-------++-------
 Fire: Hand crossbow     |    79 |   135 |   256 |    70 ||   540
Invok: Recall Ancestor   |       |     3 |     2 |       ||     5
       Ancestor Identity |       |     1 |       |       ||     1
       Ancestor Life: He |       |       |     1 |       ||     1
 Abil: Hop               |     1 |     1 |     4 |     1 ||     7
       Blink             |       |       |     3 |     2 ||     5
Evoke: Wand              |       |       |     4 |       ||     4
  Use: Scroll            |       |     1 |    18 |     2 ||    21
       Potion            |       |       |     7 |     3 ||    10
  Eat: Chunk             |       |     6 |    13 |     2 ||    21
       Royal jelly       |       |     1 |     1 |     1 ||     3
Armor: Leather armour    |     4 |    12 |     2 |       ||    18
       Acid dragon scale |       |       |    39 |    20 ||    59
Dodge: Dodged            |    10 |    23 |    70 |    50 ||   153
